 Dungeon Crawl Stone Soup version 0.20.0-15-g7f486f2 (webtiles) character file.

828 greprep the Cudgeler (level 7, -2/61 HPs)
             Began as a Minotaur Fighter on June 12, 2017.
             Was a Follower of Okawaru.
             Slain by an ogre
             ... wielding a +0 giant spiked club
              (16 damage)
             ... on level 6 of the Dungeon.
             The game lasted 00:11:32 (4137 turns).

greprep the Cudgeler (Minotaur Fighter)             Turns: 4137, Time: 00:11:33

Health: -2/61      AC: 10    Str: 27    XL:     7   Next: 64%
Magic:  6/6        EV:  9    Int:  5    God:    Okawaru [*.....]
Gold:   413        SH: 10    Dex: 10    Spells: 6/6 levels left

rFire    + . .     SeeInvis .   n - +1 mace (holy)
rCold    + . .     Gourm    .   c - +0 shield
rNeg     . . .     Faith    .   B - +2 scale mail {rF+}
rPois    .         Spirit   .   (helmet restricted)
rElec    .         Reflect  .   (no cloak)
rCorr    .         Harm     .   e - +0 pair of gloves
MR       +....                  (no boots)
Stlth    ..........             (no amulet)
Regen    0.2/turn               w - ring of protection from cold
MPRegen  0.1/turn               q - ring of protection from magic

@: mighty
A: retaliatory headbutt, horns 2
a: Heroism, Renounce Religion


You were on level 6 of the Dungeon.
You worshipped Okawaru.
Okawaru was aware of your devotion.
You were very hungry.

You visited 1 branch of the dungeon, and saw 6 of its levels.

You collected 413 gold pieces.

Inventory:

Hand Weapons
 n - a +1 mace of holy wrath (weapon)
Armour
 c - a +0 shield (worn)
 e - a +0 pair of gloves (worn)
 B - a +2 scale mail of fire resistance (worn)
Jewellery
 q - a ring of protection from magic (right hand)
 w - a ring of protection from cold (left hand)
Wands
 a - a wand of digging (11/24)
 t - a wand of confusion (31/48)
Scrolls
 b - 2 scrolls of magic mapping
 h - a scroll of remove curse
 j - 2 scrolls of fear
 l - 3 scrolls of teleportation
 x - 2 scrolls of amnesia
 y - a scroll of random uselessness {unknown}
 A - 2 scrolls of enchant weapon
 C - a scroll of recharging {unknown}
Potions
 i - a potion of curing
 k - a potion of magic {unknown}
 m - a potion of heal wounds {unknown}
 o - a potion of invisibility {unknown}
 p - a potion of haste {unknown}
 r - 2 potions of mutation {unknown}
 u - a potion of lignification {unknown}
 v - a potion of flight {unknown}
 z - a potion of degeneration {unknown}
Comestibles
 f - 3 bread rations
 g - 4 meat rations
 s - 13 fruits
 D - a royal jelly


   Skills:
 + Level 5.5 Fighting
 + Level 6.9 Maces & Flails
 + Level 5.9 Armour
 + Level 2.2 Dodging
 + Level 5.5 Shields


You had 6 spell levels left.
You didn't know any spells.

Dungeon Overview and Level Annotations

Branches:
Dungeon (6/15)             Temple (0/1) D:5

Altars:
Cheibriados
Dithmenos
Elyvilon
Fedhas
Gozag
Nemelex Xobeh
Okawaru
Trog
Uskayaw
Yredelemnul

Shops:
D:5 *

Annotations:
D:6 Eustachio


Innate Abilities, Weirdness & Mutations

You reflexively headbutt those who attack you in melee.
You have a pair of horns on your head.


Message History

The ogre shouts!
Found a lead wand.
Found a stone staircase leading down.
You see here a wand of acid (?/15).
You hit the ogre but do no damage. You block the ogre's attack.
You hit the ogre. Your headbutt misses the ogre.
The ogre is lightly wounded.
The ogre barely misses you.
You thump the ogre!
The ogre is heavily wounded.
You closely miss the ogre.
The ogre is heavily wounded.
The ogre hits you with a giant spiked club!!
* * * LOW HITPOINT WARNING * * *
Found a short sword.
You feel very mighty all of a sudden. The ogre barely misses you.
You furiously retaliate!
You headbutt the ogre. You hit the ogre.
The ogre is severely wounded.
The ogre hits you with a giant spiked club!
You die...

..#...####...#
#.. ###.# ...
#.# ..> #.# ..
#.# . #.#
#.###.####
#.)..O...#
#####@##.# #.#
# #.# #.# #.#
..# ###


You could see an ogre.

Vanquished Creatures
  Edmund (D:4)
  A sky beast (D:6)
  A bullfrog (D:6)
  A water moccasin skeleton (D:6)
  A howler monkey (D:4)
  The ghost of dscm the Digger, a weakling OpEE (D:4)
  A jelly (D:5)
  An orc priest (D:5)
  3 orc wizards
  An iguana (D:4)
  A worker ant (D:6)
  A worker ant zombie (D:5)
  7 adders
  3 gnolls (D:3)
  A shadow imp (D:3)
  An ooze (D:2)
  An adder skeleton (D:4)
  5 worms
  2 dart slugs
  2 leopard geckos
  12 orcs
  2 giant cockroaches (D:3)
  2 gnoll zombies (D:3)
  7 goblins
  13 hobgoblins
  6 jackals
  8 kobolds
  5 quokkas
  7 bats
  4 frilled lizards
  2 leopard gecko skeletons (D:4)
  5 rats
109 creatures vanquished.

Notes
Turn   | Place    | Note
-------+----------+-------------------------------------------
     0 | D:1      | greprep the Minotaur Fighter began the quest for the Orb.
     0 | D:1      | Reached XP level 1. HP: 19/19 MP: 0/0
   199 | D:1      | Reached XP level 2. HP: 24/27 MP: 1/1
   441 | D:1      | Found an iron altar of Okawaru.
   725 | D:1      | Became a worshipper of Warmaster Okawaru
   865 | D:2      | Reached XP level 3. HP: 33/33 MP: 2/2
   867 | D:2      | You fall through a shaft!
  1120 | D:2      | Reached skill level 3 in Maces & Flails
  1253 | D:2      | Reached XP level 4. HP: 26/40 MP: 3/3
  1810 | D:2      | Reached skill level 1 in Dodging
  1911 | D:3      | Reached skill level 4 in Maces & Flails
  2076 | D:3      | Reached XP level 5. HP: 47/47 MP: 4/4
  2244 | D:3      | Found a bloodstained altar of Trog.
  2247 | D:3      | Found a white marble altar of Elyvilon.
  2258 | D:3      | Found a sparkling altar of Nemelex Xobeh.
  2288 | D:3      | Found a shadowy altar of Dithmenos.
  2418 | D:3      | Found a basalt altar of Yredelemnul.
  2568 | D:4      | Found a blossoming altar of Fedhas.
  2702 | D:4      | Noticed Edmund
  2718 | D:4      | Killed Edmund
  2718 | D:4      | Reached * piety under Okawaru
  2718 | D:4      | Reached skill level 5 in Maces & Flails
  2718 | D:4      | Reached XP level 6. HP: 13/53 MP: 5/5
  2807 | D:4      | Noticed dscm's ghost (weakling OpEE)
  3051 | D:4      | Killed dscm's ghost
  3051 | D:4      | Reached skill level 5 in Armour
  3291 | D:4      | Reached skill level 5 in Fighting
  3364 | D:5      | Entered Level 5 of the Dungeon
  3400 | D:5      | Found an opulent altar of Gozag.
  3405 | D:5      | Found Gozag's Platinum Reserve.
  3473 | D:5      | Reached skill level 6 in Maces & Flails
  3497 | D:5      | Found a staircase to the Ecumenical Temple.
  3530 | D:5      | Reached XP level 7. HP: 42/61 MP: 6/6
  3670 | D:5      | Found a snail-covered altar of Cheibriados.
  3791 | D:6      | Found a hide-covered altar of Uskayaw.
  3888 | D:6      | Reached skill level 5 in Shields
  4112 | D:6      | Noticed Eustachio
  4137 | D:6      | Slain by an ogre

Skill      XL: |  1  2  3  4  5  6  7 |
---------------+----------------------+-----
Fighting       | 4 5 |  5.5
Shields        | 4 5 |  5.5
Armour         | 4 5 |  5.9
Maces & Flails | 3 4 5 6 |  6.9
Dodging        | 1 2 |  2.2

Action                   |  1- 3 |  4- 6 |  7- 9 || total
-------------------------+-------+-------+-------++-------
Melee: Flail             |    48 |    27 |       ||    75
       Headbutt          |     7 |    27 |    11 ||    45
       Mace              |    44 |   123 |    53 ||   220
  Use: Potion            |       |     2 |     1 ||     3
       Scroll            |       |       |     8 ||     8
  Eat: Chunk             |     1 |     4 |       ||     5
       Bread ration      |       |     1 |       ||     1
Armor: Scale mail        |    43 |    49 |    42 ||   134
Dodge: Dodged            |    42 |    42 |    25 ||   109
Block: Shield            |    38 |    58 |    40 ||   136
